Map: Pillars of Gold LE

Players

Kelazhur

  • Race: Terran Terran
  • League: Master
  • Spawn Location: 7:00

SpeCial - Winner!

  • Race: Terran Terran
  • Spawn Location: 1:00

Event: DreamHack SC2 Masters 2020 Fall

VOD

Have the link to the VOD?

Description

Time

  • Played on: Aug. 27, 2020, 6:09 p.m.
  • Length: 6:43

All games in this series

Show
View Real Time Build Order
Export as new Build Order

Kelazhur Terran 

Build Orders:  

Get SALT Encoding   

  12  0:00  SCV  
  13  0:12  SCV  
  14  0:17  Supply Depot  
  14  0:24  SCV  
  15  0:39  SCV  
  15  0:40  Barracks  
  16  0:45  Refinery  
  16  0:51  SCV  
  17  1:01  Barracks  
  17  1:04  SCV  
  18  1:16  SCV  
  19  1:28  Reaper  
  19  1:29  Orbital Command  
  20  1:35  Supply Depot  
  20  1:48  Reaper  
  21  1:55  SCV  
  22  2:03  Refinery  
  22  2:04  Reaper  
  22  2:07  SCV  
  24  2:19  SCV  
  25  2:23  Reaper  
  26  2:31  Command Center, SCV  
  27  2:37  Reaper  
  27  2:40  Supply Depot  
  27  2:43  SCV  
  29  2:55  SCV  
  30  2:59  Factory  
  30  3:04  Reaper  
  31  3:08  SCV  
  32  3:14  Marine  
  33  3:20  SCV  
  34  3:32  SCV, Marine  
  36  3:45  Marine  
  36  3:46  SCV  
  36  3:52  Factory Tech Lab  
  36  3:53  Orbital Command, Starport  
  36  3:58  SCV  
  37  4:10  SCV  
  37  4:11  Barracks Tech Lab, Barracks Reactor  
  37  4:15  Siege Tank  
  41  4:17  Command Center  
  41  4:19  SCV  
  41  4:22  SCV  
  43  4:30  Viking  
  44  4:31  SCV  
  44  4:34  Supply Depot  
  44  4:36  Command Center, SCV  
  46  4:42  Marine  
  46  4:47  Supply Depot  
  46  4:56  SCV x2, Marine  
  46  4:57  Supply Depot  
  46  4:59  Marine  
  49  5:02  Medivac  
  52  5:08  Siege Tank, SCV  
  52  5:11  SCV  
  53  5:23  SCV  
  53  5:25  Barracks Tech Lab  
  53  5:29  SCV  
  53  5:32  Marine x2  
  55  5:36  Refinery, SCV  
  55  5:37  Barracks  
  49  5:45  Siege Tank  
  49  5:48  Orbital Command  
  49  5:49  Marine  
  45  5:50  SCV x2, Marine  
  48  6:00  Viking  
  48  6:02  SCV x2  
  48  6:03  Refinery  
  52  6:07  Marine  
  53  6:14  SCV x2  
  50  6:26  SCV x2  
Show
View Real Time Build Order
Export as new Build Order

SpeCial Terran - Winner!

Build Orders:  

Get SALT Encoding   

  12  0:00  SCV  
  13  0:12  SCV  
  14  0:17  Supply Depot  
  14  0:24  SCV  
  15  0:39  SCV  
  15  0:40  Barracks  
  16  0:45  Refinery  
  16  0:51  SCV  
  16  0:55  Refinery  
  17  1:03  SCV  
  18  1:15  SCV  
  19  1:27  Supply Depot, Reaper  
  19  1:29  Orbital Command  
  20  1:43  Factory  
  20  1:54  SCV  
  20  1:59  Reaper  
  22  2:07  SCV  
  23  2:19  SCV  
  24  2:26  Command Center  
  24  2:30  Hellion  
  24  2:32  SCV  
  24  2:35  Barracks Reactor  
  27  2:44  Starport  
  27  2:47  SCV  
  28  2:51  Factory Tech Lab  
  28  2:58  Supply Depot  
  28  2:59  SCV  
  29  3:11  Marine  
  30  3:12  Marine  
  31  3:20  Siege Tank, SCV  
  31  3:23  Medivac  
  37  3:29  Marine  
  37  3:30  Refinery, Marine  
  39  3:35  SCV  
  39  3:47  Marine  
  37  3:49  Marine  
  37  3:51  SCV  
  39  4:02  Starport Tech Lab  
  38  4:03  Cyclone  
  38  4:04  Orbital Command  
  38  4:05  Marine  
  38  4:06  Marine  
  43  4:10  SCV  
  43  4:22  SCV  
  43  4:23  Marine  
  43  4:24  Raven, Marine  
  48  4:32  SCV  
  48  4:34  SCV  
  49  4:41  Marine  
  49  4:42  Marine  
  49  4:45  SCV  
  52  4:46  SCV  
  53  4:56  Supply Depot  
  53  4:57  SCV  
  54  5:09  SCV, Marine  
  54  5:10  Marine  
  54  5:12  SCV  
  54  5:18  Siege Tank  
  57  5:24  SCV  
  57  5:27  Marine  
  57  5:28  Command Center, Marine  
  59  5:32  SCV  
  61  5:36  SCV  
  61  5:44  SCV  
  61  5:47  Supply Depot  
  61  5:48  Refinery  
  61  5:49  Raven, Refinery, SCV, Marine x2  
  67  5:57  Barracks  
  67  6:01  SCV x2  
  69  6:07  Marine  
  69  6:09  Marine  
  71  6:17  SCV x2  
  73  6:25  Marine  
  74  6:30  SCV  
  74  6:31  Engineering Bay x2  
  76  6:39  Starport Reactor  

Tags
 
Add a new tag
Caveats
  • Supply blocks, unpowered buildings, or Contaminate may cause inaccurate times.
  • Supply counts are checked every 10 seconds.